Unix NetHack Version 5.0.0-0 post-release - last build Jun 10 2026 00:39:30 (3ee93aec679c4c4259841fe613dc97188e26a321,branch:main).

Game began 2026-06-12 02:20:17, ended 2026-06-12 06:16:14.

Enkindle23, neutral female human Tourist

                                                   ---- ---
                                          ---     -...  ..|
                                          -..- ---..  ....|
                                          ....--...`.....
                                           -..........--
                                          --...@.......---- -
                                          |....<hd...........|
                                        ... -------- -- ------
                                        --

Enkindle23 the Sightseer    St:11 Dx:11 Co:16 In:13 Wi:8 Ch:18  Neutral
Dlvl:5  $:2078 HP:0(33) Pw:19(19) AC:6  Xp:5 T:3359 

Latest messages:
 The dog misses the dwarf.
 The dwarf king thrusts his dagger.
 The dwarf king hits!
 The dwarf king thrusts his dagger.
 The dwarf king hits again!
 The dog misses the dwarf.
 The dog bites the dwarf.
 You climb up the stairs.
 You are now most skilled in long sword.
 You descend the stairs.
 The dog misses the dwarf.
 The dog misses the dwarf.
 The dog misses the dwarf.
 In what direction? 6
 The dart hits the dwarf.
 In what direction? 6
 You kill the dwarf!
 The dwarf king picks up 2 +2 darts.
 In what direction? 6
 The dart misses the dwarf king.
 In what direction? 6
 The dart hits the dwarf king!
 In what direction? 6
 The dart hits the dwarf king.
 In what direction? 6
 The dart hits the dwarf king.
 The dwarf king drinks a potion of extra healing!
 The dwarf king looks much better.
 In what direction? 6
 The dart misses the dwarf king.
 You hit the dwarf king!
 Your dog eats a dwarf corpse.
 The dwarf king thrusts his dagger.
 The dwarf king hits!
 The dwarf king thrusts his dagger.
 The dwarf king hits again!
 What do you want to use or apply? [gklnpBYZ or ?*] k
 In what direction? 6
 The dwarf king is blinded by the flash!
 The dwarf king throws a dagger!
 You are hit by a dagger.
 You hear the howling of the CwnAnnwn...
 The dwarf king throws 2 darts!
 You are hit by the 1st dart.
 You die...
 Do you want your possessions identified? [ynq] (y) y
 Do you want to see your attributes? [ynq] (y) y
 Do you want an account of creatures vanquished? [ynaq] (y) y
 Do you want to see your conduct and achievements? [ynq] (y) y
 Do you want to see the dungeon overview? [ynq] (y) y

Inventory:
 Coins    ('$')
  $ - 2078 gold pieces
 Amulets  ('"')
  z - an uncursed amulet of reflection (being worn)
 Weapons  (')')
  a - 20 +2 darts (at the ready)
  I - the +1 Vorpal Blade (weapon in right hand)
 Armor    ('[')
  D - an uncursed +1 orcish helm (being worn)
  V - an uncursed +0 pair of iron shoes (being worn)
  T - an uncursed +0 dwarvish cloak (being worn)
  j - an uncursed burnt +0 Hawaiian shirt with a giant eel motif (being worn)
 Comestibles  ('%')
  d - 2 uncursed slime molds
  c - an uncursed clove of garlic
  f - an uncursed food ration
  H - an uncursed lembas wafer
  v - 9 uncursed lichen corpses
 Scrolls  ('?')
  W - an uncursed scroll of blank paper
  G - an uncursed scroll of confuse monster
  X - an uncursed scroll of identify
  x - an uncursed scroll of light
  i - 5 uncursed scrolls of magic mapping
 Potions  ('!')
  e - an uncursed potion of full healing
  t - an uncursed potion of object detection
  q - an uncursed potion of speed
 Wands    ('/')
  B - a wand of light (0:10)
 Tools    ('(')
  Z - a cursed blindfold
  g - a blessed brass lantern
  l - an uncursed credit card
  k - an expensive camera (0:46)
  Y - a +0 pick-axe
  p - an uncursed tallow candle
  n - an uncursed tin opener
 Gems/Stones  ('*')
  b - 2 uncursed worthless pieces of yellow glass

Enkindle23 the Tourist's attributes:

Background:
 You were a Sightseer, a level 5 female human Tourist.
 You were neutral, on a mission for The Lady
 who was opposed by Blind Io (lawful) and Offler (chaotic).
 You were right-handed.
 You were in the Gnomish Mines, on level 5.
 You entered the dungeon 3359 turns ago.
 You had 304 experience points, 16 more were needed to attain level 6.

Basics:
 You had 0 out of 33 hit points.
 You had all 19 energy points (spell power).
 Your armor class was 6.
 Your wallet contained 2078 zorkmids.
 Autopickup was off.

Final Characteristics:
 Your strength was 11 (limit:18/100).
 Your dexterity was 11 (limit:18).
 Your constitution was 16 (limit:18).
 Your intelligence was 13 (limit:18).
 Your wisdom was 8 (limit:18).
 Your charisma was 18 (limit:18).

Final Status:
 You weren't hungry.
 You were unencumbered.
 You were wielding a long sword.
 You had basic skill with long sword.

Final Attributes:
 You were piously aligned.
 Your items were somewhat protected from fire.
 Your items were somewhat protected from cold.
 You were warded.
 You had reflection.
 You are dead.

Miscellaneous:
 You didn't encounter any bones levels.
 Total elapsed playing time was 1 hour, 26 minutes and 16 seconds.

Major events:
 Turn
    1: Enkindle23 the neutral female human Tourist entered the dungeon
 1614: found Vorpal Blade on the floor
 1617: entered the Gnomish Mines
 1617: attained the rank of Sightseer (level 3)
 3359: killed by a dart

Spells:
 Name                 Level Category     Fail Retention
 detect food            2   divination   100%  76%-100%

Skills:
 Fighting Skills
   bare handed combat [Unskilled]
   two weapon combat  [Unskilled]
   riding             [Unskilled]
 Weapon Skills
   dagger             [Unskilled]
   knife              [Unskilled]
   axe                [Unskilled]
   pick-axe           [Unskilled]
   short sword        [Unskilled]
   broadsword         [Unskilled]
   long sword         [Basic]
   two-handed sword   [Unskilled]
   saber              [Unskilled]
   mace               [Unskilled]
   morning star       [Unskilled]
   flail              [Unskilled]
   hammer             [Unskilled]
   quarterstaff       [Unskilled]
   polearms           [Unskilled]
   spear              [Unskilled]
   trident            [Unskilled]
   lance              [Unskilled]
   bow                [Unskilled]
   sling              [Unskilled]
   crossbow           [Unskilled]
   dart               [Basic]
   shuriken           [Unskilled]
   boomerang          [Unskilled]
   whip               [Unskilled]
   unicorn horn       [Unskilled]
 Spellcasting Skills
   divination spells  [Unskilled]
   enchantment spells [Unskilled]
   escape spells      [Unskilled]

Voluntary challenges:
 Character rerolling was not enabled.
 You never genocided any monsters.
 You never polymorphed an object.
 You never changed form.
 You used no wishes.
Achievements:
 You entered a shop.
 You entered the Gnomish Mines.
 You attained the rank of Sightseer.

 The Dungeons of Doom: levels 1 to 4
    Level 1:
    Level 2:
       A general store, an altar.
    Level 3:
       A ring shop, some fountains.
       Stairs down to The Gnomish Mines.
    Level 4:
       A food shop.
 The Gnomish Mines: levels 4 to 5
    Level 4:
    Level 5: <- You were here.
       Final resting place for
          you, killed by a dart.


Vanquished creatures:
  a small mimic
  a fog cloud
  2 shriekers
  a gnome leader
  a paper golem
  a floating eye
  3 dwarves
  a rothe
  a werejackal
 an iguana
  2 hobbits
  2 cave spiders
  9 gnomes
  2 geckos
  5 jackals
  a fox
  3 goblins
  a sewer rat
  3 grid bugs
  a bat
 11 lichens
  a kobold zombie
  7 newts
61 creatures vanquished.

No species were genocided or became extinct.

Game over:
                       ----------
                      /          \
                     /    REST    \
                    /      IN      \
                   /     PEACE      \
                  /                  \
                  |    Enkindle23    |
                  |     2078 Au      |
                  | killed by a dart |
                  |                  |
                  |                  |
                  |                  |
                  |       2026       |
                 *|     *  *  *      | *
        _________)/\\_//(\/(/\)/\//\/|_)_______

Aloha Enkindle23 the Tourist...

You died in The Gnomish Mines on dungeon level 5 with 2515 points,
and 2078 pieces of gold, after 3359 moves.
You were level 5 with a maximum of 33 hit points when you died.

